Map: 월드 오브 슬리퍼스 - 래더

Players

Hurricane - Winner!

  • Race: Protoss Protoss
  • Spawn Location: 1:00

sOs

  • Race: Protoss Protoss
  • Spawn Location: 7:00

Event: IEM Katowice 2020

VOD

Have the link to the VOD?

Description

Time

  • Played on: Feb. 28, 2020, 11:34 a.m.
  • Length: 10:52

All games in this series

Show
View Real Time Build Order
Export as new Build Order

Hurricane Protoss - Winner!

Build Orders: Zealot Archon 

Get SALT Encoding   

  12  0:00  Probe  
  13  0:12  Probe  
  14  0:17  Pylon  
  14  0:25  Probe (Chrono Boost)  
  15  0:36  Gateway  
  15  0:37  Probe (Chrono Boost)  
  16  0:44  Probe (Chrono Boost)  
  16  0:45  Assimilator  
  17  0:51  Probe  
  17  0:54  Assimilator  
  18  1:03  Probe (Chrono Boost)  
  19  1:06  Gateway  
  19  1:12  Probe (Chrono Boost)  
  19  1:17  Probe (Chrono Boost)  
  20  1:23  Cybernetics Core  
  21  1:29  Probe  
  22  1:34  Pylon  
  22  1:41  Probe  
  23  2:00  Adept x2  
  28  2:02  Robotics Facility  
  28  2:05  Warp Gate  
  28  2:08  Probe  
  28  2:16  Pylon  
  28  2:26  Probe  
  29  2:31  Sentry  
  29  2:34  Stalker  
  33  2:46  Warp Prism (Chrono Boost)  
  35  2:58  Stalker  
  37  3:03  Shield Battery  
  37  3:22  Nexus  
  37  3:29  Pylon  
  37  3:36  Probe  
  38  3:48  Probe  
  39  3:52  Immortal  
  43  3:58  Sentry x2  
  47  4:03  Pylon  
  47  4:21  Probe (Chrono Boost)  
  48  4:33  Probe (Chrono Boost), Forge, Observer (Chrono Boost)  
  48  4:37  Probe (Chrono Boost)  
  51  4:43  Probe (Chrono Boost)  
  53  4:45  Probe (Chrono Boost)  
  53  4:50  Probe (Chrono Boost)  
  53  4:51  Probe (Chrono Boost)  
  53  4:52  Immortal (Chrono Boost)  
  59  5:02  Probe  
  59  5:03  Probe  
  59  5:04  Pylon  
  61  5:09  Protoss Ground Weapons Level 1 (Chrono Boost)  
  61  5:14  Probe  
  61  5:15  Probe  
  61  5:18  Pylon  
  63  5:21  Assimilator  
  63  5:26  Probe, Twilight Council  
  64  5:29  Shield Battery  
  64  5:35  Stalker x2  
  68  5:38  Probe  
  68  5:39  Probe  
  70  5:46  Shield Battery  
  70  5:49  Immortal  
  74  5:56  Pylon  
  74  5:58  Probe x2  
  76  6:04  Photon Cannon  
  76  6:08  Templar Archives  
  76  6:11  Charge  
  76  6:12  Assimilator  
  76  6:18  Gateway  
  76  6:23  Probe x2  
  78  6:29  Gateway  
  78  6:37  Gateway  
  78  6:39  Gateway  
  78  6:40  Gateway  
  78  6:48  Gateway  
  74  6:58  High Templar x2  
  74  7:00  Pylon  
  78  7:03  Archon  
  78  7:04  Probe x2  
  78  7:06  Shield Battery  
  76  7:17  Probe x2  
  78  7:24  Protoss Ground Weapons Level 2 (Chrono Boost)  
  78  7:30  High Templar x2, Nexus  
  78  7:32  Pylon  
  78  7:35  Archon  
  82  7:46  High Templar, Zealot x3  
  82  7:49  Probe x2  
  82  7:50  Pylon  
  92  7:58  High Templar  
  84  8:01  Probe  
  83  8:07  Warp Prism (Chrono Boost)  
  83  8:08  Observer  
  83  8:11  High Templar  
  87  8:16  Probe x2  
  89  8:25  Photon Cannon  
  89  8:26  Archon, High Templar  
  91  8:31  Zealot x3  
  97  8:34  Archon  
  97  8:36  Probe x2  
  99  8:48  Probe  
  99  8:49  Zealot x4  
  107  8:55  Stalker  
  107  8:58  High Templar  
  107  8:59  High Templar  
  113  9:03  Archon, Zealot  
  113  9:07  Pylon  
  115  9:12  Zealot x3  
  121  9:17  Zealot  
  123  9:25  High Templar x2  
  123  9:29  Archon  
  127  9:32  Zealot x4  
  127  9:37  Zealot  
  137  9:44  Zealot  
  136  9:53  Zealot x2  
  136  9:56  Pylon  
  136  9:57  Pylon  
  124  10:09  High Templar x2  
  124  10:10  Zealot x4  
  136  10:14  Archon  
  136  10:23  Zealot x2  
  140  10:29  High Templar x2  
  140  10:30  Zealot  
  140  10:34  Archon  
  136  10:38  Stalker x3  
  119  10:48  Zealot x3  
Show
View Real Time Build Order
Export as new Build Order

sOs Protoss 

Build Orders: Phoenix Opening, Zealot Archon 

Get SALT Encoding   

  12  0:00  Probe  
  13  0:12  Probe  
  14  0:16  Pylon  
  14  0:25  Probe (Chrono Boost)  
  15  0:36  Gateway  
  15  0:37  Probe (Chrono Boost)  
  16  0:43  Probe (Chrono Boost)  
  16  0:45  Assimilator  
  17  0:51  Probe  
  17  0:54  Assimilator  
  18  1:03  Probe (Chrono Boost)  
  19  1:06  Gateway  
  19  1:13  Probe (Chrono Boost)  
  19  1:18  Probe (Chrono Boost)  
  20  1:22  Cybernetics Core  
  21  1:29  Probe  
  21  1:31  Pylon  
  22  1:41  Probe  
  23  1:56  Warp Gate (Chrono Boost)  
  23  1:58  Adept  
  23  1:59  Probe, Adept  
  28  2:18  Pylon  
  28  2:29  Sentry  
  30  2:34  Nexus  
  30  2:36  Sentry  
  32  2:44  Robotics Facility  
  32  2:57  Stalker  
  34  3:04  Phoenix  
  34  3:05  Shield Battery  
  34  3:11  Pylon  
  34  3:13  Probe  
  37  3:26  Shield Battery  
  37  3:31  Immortal (Chrono Boost)  
  41  3:38  Sentry  
  41  3:42  Probe  
  42  3:51  Stalker  
  42  3:52  Shield Battery  
  44  3:58  Probe (Chrono Boost)  
  44  4:00  Probe (Chrono Boost)  
  46  4:03  Stalker  
  46  4:04  Phoenix  
  46  4:06  Observer  
  50  4:11  Probe (Chrono Boost)  
  50  4:16  Probe (Chrono Boost)  
  51  4:17  Probe (Chrono Boost)  
  51  4:23  Probe  
  50  4:25  Probe  
  52  4:38  Probe (Chrono Boost)  
  52  4:41  Probe (Chrono Boost)  
  52  4:50  Probe (Chrono Boost)  
  54  4:52  Pylon  
  54  4:54  Probe (Chrono Boost)  
  54  4:55  Probe (Chrono Boost)  
  55  5:03  Probe  
  55  5:04  Probe  
  57  5:15  Probe  
  57  5:16  Forge  
  57  5:17  Twilight Council  
  58  5:22  Probe  
  58  5:25  Assimilator  
  58  5:27  Assimilator  
  58  5:28  Probe  
  60  5:34  Phoenix  
  60  5:35  Probe  
  61  5:37  Stargate  
  61  5:40  Probe  
  62  5:43  Pylon  
  62  5:56  Protoss Ground Weapons Level 1 (Chrono Boost)  
  62  6:02  Immortal  
  62  6:03  Gateway  
  66  6:05  Gateway  
  66  6:06  Gateway  
  66  6:08  Probe x2  
  68  6:12  Charge  
  68  6:16  Pylon  
  68  6:19  Pylon  
  68  6:27  Pylon  
  68  6:34  Oracle  
  68  6:35  Gateway  
  68  6:36  Gateway  
  68  6:38  Probe  
  68  6:39  Templar Archives  
  72  6:48  Immortal (Chrono Boost)  
  72  6:53  Zealot x2  
  80  7:08  Pylon  
  80  7:14  Zealot x5  
  90  7:16  Phoenix (Chrono Boost)  
  90  7:21  Pylon  
  84  7:38  Pylon  
  84  7:39  Pylon  
  84  7:40  High Templar  
  84  7:41  Probe, High Templar  
  89  7:45  Archon  
  89  7:47  High Templar x2  
  93  7:51  Archon, Pylon  
  93  7:58  Nexus  
  93  8:00  Pylon  
  93  8:02  Warp Prism (Chrono Boost)  
  95  8:13  High Templar x2  
  95  8:14  Zealot  
  95  8:15  Zealot  
  95  8:19  Archon  
  103  8:21  Protoss Ground Weapons Level 2 (Chrono Boost)  
  103  8:28  Pylon  
  103  8:39  Zealot x4  
  111  8:43  Zealot  
  113  8:48  Probe  
  113  8:49  Probe  
  115  9:03  High Templar x2  
  115  9:04  Zealot x4  
  115  9:06  Pylon  
  115  9:07  Archon  
  127  9:15  Probe x3  
  130  9:19  Robotics Bay  
  130  9:27  Probe x3  
  133  9:43  High Templar x2, Zealot x3  
  133  9:45  Assimilator x2  
  143  9:52  Archon  
  143  9:53  Probe  
  143  9:56  Pylon  
  128  10:07  Colossus (Chrono Boost)  
  102  10:15  Zealot  
  102  10:16  Zealot x6  
  116  10:24  Shield Battery  
  108  10:35  Shield Battery  
  108  10:36  High Templar x3  
  108  10:37  High Templar, Zealot  
  108  10:40  Archon  
  108  10:41  Archon  
  100  10:45  Zealot x2  

Tags
 
Add a new tag
Caveats
  • Supply blocks, unpowered buildings, or Contaminate may cause inaccurate times.
  • Supply counts are checked every 10 seconds.